 Dungeon Crawl Stone Soup version 0.18-a0-1805-g8ab820f (webtiles) character file.

676 Zhenya25pyc the Cudgeler (level 7, -3/44 HPs)
             Began as a Gargoyle Fighter on Apr 25, 2016.
             Killed from afar by namelastname112's ghost (9 damage)
             ... with a magic dart
             ... on level 5 of the Dungeon.
             The game lasted 00:07:52 (3406 turns).

Zhenya25pyc the Cudgeler (Gargoyle Fighter)         Turns: 3406, Time: 00:07:54

Health: -3/44      AC: 15    Str: 20    XL:     7   Next: 60%
Magic:  7/7        EV:  7    Int:  9    God:
Gold:   178        SH:  9    Dex: 10    Spells: 0 memorised, 6 levels left

rFire  . . .     SeeInvis +     a - +0 flail
rCold  . . .     Gourm    +     b - +0 scale mail
rNeg   + . .     Faith    .     c - +0 shield
rPois  ∞         Spirit   .     (no helmet)
rElec  +         Dismiss  .     (no cloak)
rCorr  .         Reflect  .     p - +1 pair of gloves
SustAt .         Harm     .     o - +0 pair of boots
MR     .....                    i - amulet of the gourmand
Stlth  ..........               (no ring)
                                r - ring of see invisible

@: not resistant to hostile enchantments, extremely unstealthy
A: negative energy resistance 1, electricity resistance, unbreathing,
petrification resistance, rot immunity, AC +4
a: no special abilities


You were on level 5 of the Dungeon.
You were not hungry.

You visited 1 branch of the dungeon, and saw 5 of its levels.

You collected 178 gold pieces.

Inventory:

Hand Weapons
 a - a +0 flail (weapon)
Armour
 b - a +0 scale mail (worn)
 c - a +0 shield (worn)
 o - a +0 pair of boots (worn)
 p - a +1 pair of gloves (worn)
Jewellery
 i - an amulet of the gourmand (around neck)
 r - a ring of see invisible (left hand)
Wands
 v - a wand of digging (11/24)
 y - a wand of random effects (15/48)
Scrolls
 e - 2 scrolls of teleportation {unknown}
 g - 2 scrolls of remove curse {unknown}
 h - 2 scrolls of identify {unknown}
 k - a scroll of blinking {unknown}
 m - a scroll of random uselessness {unknown}
 q - 2 scrolls of fear {unknown}
 s - a scroll of noise {unknown}
 w - a scroll of enchant weapon {unknown}
Potions
 d - a potion of might
 n - a potion of mutation {unknown}
 t - a potion of heal wounds {unknown}
 u - a potion of berserk rage {unknown}
Comestibles
 f - 5 bread rations
 j - 2 meat rations
 l - a royal jelly
 x - a beef jerky


   Skills:
 + Level 4.9 Fighting
 * Level 5.4 Maces & Flails
 + Level 5.3 Armour
 + Level 5.1 Shields


You had 6 spell levels left.
You didn't know any spells.

Dungeon Overview and Level Annotations

Branches:
Dungeon (5/15)
 Temple: D:4-7

Altars:
Cheibriados
Fedhas
Gozag
Makhleb
Qazlal

Shops:
D:4 [

Annotations:
D:5 namelastname112's ghost, amateur DrCj


Innate Abilities, Weirdness & Mutations

You are resistant to torment.
Your stone body is resilient (AC +4).
You are immune to poison.
You resist negative energy.
You are resistant to electric shocks.
You can survive without breathing.
You are immune to petrification.
You are immune to rotting.


Message History

The magic dart hits you!
You block namelastname112's ghost's attack.
You closely miss namelastname112's ghost.
Namelastname112's ghost is lightly damaged.
Namelastname112's ghost hits you but does no damage.
You barely miss namelastname112's ghost.
Namelastname112's ghost is lightly damaged.
Namelastname112's ghost hits you but does no damage.
You hit namelastname112's ghost but do no damage.
Namelastname112's ghost is lightly damaged.
Namelastname112's ghost points at you and mumbles some strange words.
The magic dart hits you!
You hit namelastname112's ghost.
Namelastname112's ghost is lightly damaged.
Namelastname112's ghost points at you and mumbles some strange words.
The magic dart hits you!
* * * LOW HITPOINT WARNING * * *
Namelastname112's ghost points at you and mumbles some strange words.
The magic dart hits you!
You die...

#######
#.W@..#
#.#.#.#
#.#.# #
#.#.#
#.#.#
#.#.#
#.#.#
#.#.#


You could see namelastname112's ghost.

Vanquished Creatures
  Sigmund (D:4)
  The ghost of M4edhros the Sneak, an amateur OpAr (D:3)
  A scorpion (D:4)
  A crimson imp (D:3)
  A giant frog skeleton (D:4)
  An orc wizard (D:3)
  An iguana (D:4)
  Natasha (thrice) (D:4)
  2 worker ants (D:4)
  A hound skeleton (D:4)
  4 adders
  4 worms
  3 dart slugs
  2 orcs (D:3)
  A ball python (D:2)
  8 bats
  A giant cockroach (D:3)
  8 goblins
  5 hobgoblins
  4 jackals (D:2)
  A quokka (D:3)
  6 giant newts
  5 kobolds
  14 rats
79 creatures vanquished.

Notes
Turn   | Place    | Note
--------------------------------------------------------------
     0 | D:1      | Zhenya25pyc the Gargoyle Fighter began the quest for the Orb.
     0 | D:1      | Reached XP level 1. HP: 14/14 MP: 1/1
   148 | D:1      | Reached XP level 2. HP: 19/19 MP: 2/2
   612 | D:2      | Reached XP level 3. HP: 14/23 MP: 3/3
  1123 | D:2      | Reached XP level 4. HP: 26/29 MP: 4/4
  1329 | D:2      | Found an opulent altar of Gozag.
  1699 | D:3      | Reached XP level 5. HP: 30/33 MP: 5/5
  1728 | D:3      | Found a burning altar of Makhleb.
  1788 | D:3      | Found a stormy altar of Qazlal.
  1790 | D:3      | Found a blossoming altar of Fedhas.
  1861 | D:3      | Noticed M4edhros's ghost (amateur OpAr)
  1896 | D:3      | Killed M4edhros's ghost
  1896 | D:3      | Reached XP level 6. HP: 31/38 MP: 6/6
  2000 | D:3      | Found a snail-covered altar of Cheibriados.
  2505 | D:4      | Noticed Natasha
  2506 | D:4      | Noticed Sigmund
  2521 | D:4      | Killed Natasha
  2527 | D:4      | Killed Sigmund
  2527 | D:4      | Reached skill level 5 in Maces & Flails
  2527 | D:4      | Reached skill level 5 in Armour
  2527 | D:4      | Reached skill level 5 in Shields
  2527 | D:4      | Reached XP level 7. HP: 24/44 MP: 7/7
  2787 | D:4      | Found Omirij's Armour Emporium.
  2790 | D:4      | Noticed Natasha
  2797 | D:4      | Killed Natasha
  3082 | D:4      | Noticed Natasha
  3099 | D:4      | Killed Natasha
  3238 | D:5      | Entered Level 5 of the Dungeon
  3238 | D:5      | Noticed namelastname112's ghost (amateur DrCj)
  3406 | D:5      | Killed from afar by namelastname112's ghost

Vault maps used:
D:1:      lightli_molten_gateway
D:2:      lemuel_coloured_pillars_altar, minmay_close_crescents
D:3:      grunt_temple_overflow_forces_of_nature, lemuel_round_altar,
          makhleb_grotto_becter, minmay_cut_off
D:4:      serial_shops, shop, first_bread, uniq_sigmund, uniq_natasha
D:5:      kennysheep_spiral_hall, johnstein_pakellas_shop,
          kennysheep_little_box, minmay_temple_entry_statues,
          minmay_crystal_room, minmay_door_square, kennysheep_flooded_box,
          hangedman_decor_opposing, uniq_duvessa, uniq_eustachio

Skill      XL: |  1  2  3  4  5  6 |
---------------+-------------------+-----
Maces & Flails | 3 4 5 |  5.4
Shields        | 4 5 |  5.1
Armour         | 4 5 |  5.3
Fighting       | 4 |  4.9

Action                   |  1- 3 |  4- 6 |  7- 9 || total
-------------------------+-------+-------+-------++-------
Melee: Flail             |   108 |   202 |    87 ||   397
  Eat: Chunk             |     1 |    10 |       ||    11
Armor: Scale mail        |    71 |    85 |    51 ||   207
Dodge: Dodged            |    39 |    49 |    19 ||   107
Block: Shield            |    52 |    96 |    28 ||   176
